Map: King's Cove LE

Players

Mixu

  • Race: Zerg Zerg
  • Spawn Location: 11:00

HolyHit - Winner!

  • Race: Protoss Protoss
  • Spawn Location: 5:00

Event: 2019 WCS Summer

VOD

Have the link to the VOD?

Description

Time

  • Played on: July 12, 2019, 9:14 a.m.
  • Length: 9:26

All games in this series

Show
View Real Time Build Order
Export as new Build Order

Mixu Zerg 

Build Orders: Hatch First 

Get SALT Encoding   

  12  0:00  Drone  
  13  0:13  Overlord  
  13  0:18  Drone  
  14  0:31  Drone x2  
  16  0:49  Hatchery  
  15  0:53  Drone  
  15  0:56  Drone  
  17  1:00  Drone  
  18  1:11  Extractor  
  17  1:15  Spawning Pool  
  16  1:19  Drone  
  16  1:22  Drone  
  18  1:28  Drone  
  19  1:39  Drone  
  20  1:50  Drone  
  21  2:02  Queen x2  
  21  2:04  Zergling x2  
  21  2:05  Overlord  
  26  2:11  Metabolic Boost  
  26  2:13  Drone  
  27  2:16  Drone  
  28  2:26  Drone  
  28  2:29  Drone  
  30  2:38  Drone  
  30  2:41  Hatchery  
  30  2:44  Drone  
  31  2:47  Drone  
  31  2:49  Overlord  
  32  2:55  Drone x2  
  34  3:01  Queen  
  36  3:09  Drone x2  
  38  3:13  Drone x3  
  38  3:15  Drone  
  38  3:16  Drone  
  43  3:20  Overlord  
  43  3:23  Drone  
  44  3:31  Overlord  
  44  3:39  Queen  
  44  3:40  Spore Crawler  
  45  3:42  Zergling x6  
  45  3:43  Drone x2  
  50  3:48  Overlord  
  49  3:58  Drone  
  49  3:59  Lair  
  49  4:00  Roach Warren  
  49  4:02  Queen  
  49  4:04  Drone  
  49  4:05  Drone  
  53  4:15  Drone x3, Extractor x2  
  53  4:16  Drone  
  55  4:19  Zergling x2  
  55  4:21  Spore Crawler  
  55  4:24  Overlord  
  55  4:37  Drone x2  
  57  4:39  Zergling x6  
  57  4:45  Roach x4  
  68  4:46  Roach  
  68  4:47  Overlord  
  68  4:52  Queen  
  70  4:55  Drone  
  70  4:56  Drone  
  70  4:57  Overlord  
  74  5:07  Roach  
  74  5:08  Roach x3  
  82  5:18  Drone x2  
  84  5:22  Glial Reconstitution  
  84  5:24  Drone  
  84  5:26  Evolution Chamber  
  84  5:28  Drone x6  
  90  5:34  Overseer  
  90  5:35  Roach, Overlord  
  90  5:43  Overlord  
  90  5:51  Overlord  
  90  5:54  Zerg Missile Weapons Level 1  
  76  6:04  Hatchery  
  76  6:09  Drone x5  
  78  6:16  Drone x3  
  82  6:27  Hatchery  
  82  6:29  Spore Crawler  
  80  6:35  Hydralisk Den, Drone x6  
  80  6:38  Overseer  
  80  6:39  Roach  
  89  6:47  Roach x2  
  91  7:01  Roach x4  
  99  7:02  Overlord  
  99  7:06  Muscular Augments  
  97  7:11  Roach x3  
  103  7:17  Drone x3  
  103  7:18  Drone  
  103  7:19  Lurker Den  
  103  7:21  Extractor  
  105  7:28  Drone x4  
  109  7:37  Hydralisk x3  
  109  7:40  Ravager x2, Overlord  
  117  7:44  Hydralisk  
  117  7:47  Roach  
  117  7:50  Roach  
  117  7:51  Drone, Roach  
  120  7:55  Roach x2  
  114  8:00  Overlord x2  
  100  8:06  Roach x3  
  100  8:09  Roach  
  100  8:11  Hydralisk  
  87  8:16  Roach  
  87  8:19  Roach  
  90  8:21  Roach  
  92  8:28  Hydralisk, Drone  
  92  8:30  Roach  
  92  8:32  Hydralisk  
  95  8:38  Ravager x2  
  95  8:39  Roach  
  97  8:42  Hydralisk  
  99  8:49  Roach x2  
  103  9:00  Roach  
  103  9:01  Roach x2  
Show
View Real Time Build Order
Export as new Build Order

HolyHit Protoss - Winner!

Build Orders: 1 Gate Expand, Archon Immortal 

Get SALT Encoding   

  12  0:00  Probe  
  13  0:12  Probe  
  14  0:18  Pylon  
  14  0:24  Probe  
  15  0:32  Probe  
  15  0:39  Gateway  
  15  0:40  Probe  
  16  0:48  Assimilator  
  17  0:51  Probe  
  18  1:03  Probe  
  19  1:15  Probe  
  20  1:25  Nexus  
  20  1:36  Cybernetics Core  
  20  1:39  Probe  
  21  1:45  Assimilator  
  21  1:51  Probe  
  22  1:54  Pylon  
  22  2:01  Probe  
  22  2:02  Adept  
  23  2:09  Probe  
  26  2:17  Probe  
  26  2:18  Twilight Council  
  27  2:32  Stalker, Probe  
  30  2:40  Probe  
  30  2:42  Warp Gate  
  30  2:45  Probe  
  31  2:51  Probe  
  31  2:57  Probe  
  33  2:59  Probe  
  33  3:00  Robotics Facility  
  33  3:05  Charge  
  34  3:07  Probe  
  34  3:09  Probe  
  36  3:18  Probe  
  37  3:21  Probe  
  37  3:25  Gateway  
  38  3:30  Probe  
  38  3:33  Probe  
  40  3:35  Gateway  
  40  3:38  Warp Prism  
  40  3:41  Gateway  
  40  3:42  Probe  
  41  3:55  Probe  
  44  3:56  Pylon  
  44  4:02  Dark Shrine  
  44  4:03  Probe  
  44  4:07  Assimilator  
  45  4:13  Probe, Warp Prism  
  48  4:19  Assimilator  
  48  4:23  Pylon  
  48  4:31  Adept x2  
  48  4:35  Probe, Pylon  
  53  4:40  Probe  
  53  4:42  Observer  
  53  4:43  Pylon  
  55  4:54  Zealot x4  
  63  5:00  Pylon  
  63  5:03  Probe x2  
  59  5:19  Dark Templar x4  
  59  5:21  Observer, Probe  
  63  5:29  Immortal  
  63  5:33  Probe  
  66  5:42  Gateway  
  66  5:59  Immortal  
  66  6:01  Probe  
  67  6:07  Gateway  
  71  6:14  Gateway  
  71  6:16  Gateway, Nexus  
  69  6:26  Probe  
  69  6:31  Dark Templar, Immortal  
  72  6:32  Sentry x2  
  72  6:38  Archon x2  
  72  6:39  Probe  
  78  6:40  Probe  
  78  6:45  Gateway  
  82  6:47  Pylon  
  82  6:51  Sentry x2  
  86  7:05  Probe  
  86  7:06  Pylon  
  87  7:08  Pylon  
  87  7:10  Pylon  
  87  7:18  Forge  
  87  7:19  Sentry x2  
  87  7:20  Sentry  
  93  7:23  Observer  
  93  7:24  Pylon  
  93  7:25  Dark Templar x2  
  93  7:27  Pylon  
  93  7:29  Zealot  
  99  7:31  Archon  
  99  7:33  Zealot  
  101  7:40  Probe  
  101  7:41  Probe  
  103  7:56  Zealot x5  
  110  8:06  Immortal  
  110  8:11  Zealot x3  
  116  8:15  Probe x2  
  116  8:17  Sentry x2  
  120  8:23  Zealot  
  120  8:24  Zealot  
  122  8:37  Assimilator  
  122  8:38  Assimilator  
  122  8:41  Templar Archives  
  122  8:49  Pylon  
  122  8:51  Pylon  
  122  8:53  Pylon  
  122  8:55  Zealot x4  
  122  8:56  Zealot  
  124  9:08  Zealot x3  
  124  9:16  Zealot x2  
Tags
 
Add a new tag
Caveats
  • Supply blocks, unpowered buildings, or Contaminate may cause inaccurate times.
  • Supply counts are checked every 10 seconds.